 Dungeon Crawl Stone Soup version 0.21.0-24-g2553a33 (webtiles) character file.

1793 tidbits the Caller (level 9, -9/65 HPs)
             Began as a Gnoll Wanderer on Jan 19, 2018.
             Was a Follower of Cheibriados.
             Mangled by an eight-headed hydra (16 damage)
             ... on level 12 of the Dungeon.
             The game lasted 00:17:35 (1693 turns).

tidbits the Caller (Gnoll Wanderer)                 Turns: 1693, Time: 00:17:35

Health: -9/65      AC:  2    Str: 19    XL:     9   Next: 9%
Magic:  16/16      EV: 14    Int: 19    God:    Cheibriados [*.....]
Gold:   216        SH:  0    Dex: 15    Spells: 2/17 levels left

rFire    . . .     SeeInvis .   b - +2 hunting sling
rCold    . . .     Gourm    .   (no shield)
rNeg     + . .     Faith    .   B - +0 robe (curse)
rPois    .         Spirit   .   (no helmet)
rElec    .         Reflect  .   (no cloak)
rCorr    .         Harm     .   (no gloves)
MR       .....                  (no boots)
Stlth    +++.......             (no amulet)
HPRegen  0.20/turn              m - ring of positive energy
MPRegen  0.15/turn              (no ring)

@: very slow
A: distributed training, fangs 1, strong nose
a: Bend Time, Renounce Religion


You were on level 12 of the Dungeon.
You worshipped Cheibriados.
Cheibriados was aware of your devotion.
You were not hungry.

You visited 3 branches of the dungeon, and saw 12 of its levels.

You collected 216 gold pieces.

Inventory:

Hand Weapons
 a - a +0 dagger
 b - a +2 hunting sling (weapon)
 d - a +0 club
 l - a +0 quarterstaff
 o - a +0 blowgun
 v - a +0 shortbow
Missiles
 e - 67 stones
 i - 7 javelins
 k - 11 sling bullets (quivered)
 u - 24 arrows
Armour
 f - a +0 robe
 A - a +0 leather armour
 B - a cursed +0 robe (worn)
Jewellery
 m - a ring of positive energy (left hand)
   (You found it on level 4 of the Dungeon)
Wands
 p - a wand of flame (3)
Scrolls
 h - 6 scrolls of teleportation
 n - a scroll of fog
 r - 2 scrolls of remove curse
 s - a scroll of amnesia {unknown}
 t - 2 scrolls of enchant weapon
 w - a scroll of immolation {unknown}
 x - 2 scrolls of enchant armour {unknown}
 y - a scroll of identify {unknown}
Potions
 q - a potion of heal wounds
Books
 g - a book of Callings

   Spells                             Type                      Level
   a - Summon Small Mammal            Summoning                    1
   b - Call Imp                       Summoning                    2
   c - Call Canine Familiar           Summoning                    3
   d - Summon Guardian Golem          Hexes/Summoning              3
   e - Summon Lightning Spire         Summoning/Air                4
   f - Summon Ice Beast               Ice/Summoning                4
 j - a book of Minor Magic
   (You found it on level 4 of the Dungeon)

   Spells                             Type                      Level
   a - Magic Dart                     Conjuration                  1
   b - Blink                          Translocation                2
   c - Call Imp                       Summoning                    2
   d - Slow                           Hexes                        2
   e - Conjure Flame                  Conjuration/Fire             3
   f - Mephitic Cloud                 Conjuration/Poison/Air       3
Comestibles
 c - 2 rations


   Skills:
 + Level 3.8 Fighting
 + Level 3.8 Short Blades
 + Level 3.8 Long Blades
 + Level 3.8 Axes
 + Level 3.8 Maces & Flails
 + Level 3.8 Polearms
 + Level 3.8 Staves
 + Level 3.8 Slings
 + Level 3.8 Bows
 + Level 3.8 Crossbows
 + Level 3.8 Throwing
 + Level 3.8 Armour
 + Level 3.8 Dodging
 + Level 3.8 Stealth
 + Level 4.6 Shields
 + Level 3.8 Unarmed Combat
 + Level 4.8 Spellcasting
 + Level 3.1 Conjurations
 + Level 3.1 Hexes
 + Level 6.3 Charms
 + Level 7.8 Summonings
 + Level 3.1 Necromancy
 + Level 3.1 Translocations
 + Level 3.1 Transmutations
 + Level 3.1 Fire Magic
 + Level 3.1 Ice Magic
 + Level 3.1 Air Magic
 + Level 3.1 Earth Magic
 + Level 3.1 Poison Magic
 + Level 4.2 Invocations
 + Level 4.6 Evocations


You had 2 spell levels left.
You knew the following spells:

 Your Spells              Type           Power        Failure   Level  Hunger
a - Summon Small Mammal   Summ           ####         1%          1    None
b - Blink                 Tloc           N/A          5%          2    #......
c - Call Canine Familiar  Summ           ####....     1%          3    ##.....
f - Conjure Flame         Conj/Fire      ###.....     11%         3    ##.....
i - Call Imp              Summ           ####....     1%          2    #......
L - Summon Lightning Spi  Summ/Air       ####....     13%         4    ####...


Dungeon Overview and Level Annotations

Branches:
Dungeon (12/15)            Temple (1/1) D:5             Orc (1/2) D:12
   Lair: D:8-11

Altars:
Ashenzari
Cheibriados
Dithmenos
Hepliaklqana
Kikubaaqudgha
Nemelex Xobeh
Ru
Sif Muna
Uskayaw
Xom
Yredelemnul
Zin
The Shining One

Annotations:
D:6 Frank's ghost, novice OpFi
D:12 exclusion: manticore


Innate Abilities, Weirdness & Mutations

Your experience applies equally to all skills.
You have very sharp teeth.
Your uncanny sense of smell can sniff out nearby items.


Message History

Press: ? - help, Dir - move target cursor, f/p - troll
Aim: a troll (almost dead) Attack!
The troll bites your lightning spire. The troll claws your lightning spire!
Your lightning spire is destroyed!
Casting: Summon Lightning Spire
Confirm with . or Enter, or press ? or * to list all spells.
Aiming: Summon Lightning Spire
Press: ? - help, Dir - move target cursor, p - troll An electric hum fills the air.
The troll shouts!
You hear a shout!
An orc warrior comes into view. It is wielding a glaive.
Firing (i - inventory. (,) - cycle):
k - 12 sling bullets (quivered)
Press: ? - help, Shift-Dir - straight line, f - troll
Aim: a troll (severely wounded)
You shoot a sling bullet.
The sling bullet barely misses the troll.
The troll bites you!
* * * LOW HITPOINT WARNING * * *
The troll claws you!
* * * LOW HITPOINT WARNING * * *
The troll completely misses you.
Your lightning spire shoots out a bolt of lightning at the troll!
The bolt of electricity hits the troll.
The troll dies!
Cheibriados appreciates the change of pace.
An orc comes into view. It is wielding a mace of protection.
Unknown command.
Okay, then.
Unknown command.
You climb upwards.
Welcome back to the Dungeon!
Your summoned ally is left behind.
There is a staircase to the Orcish Mines here.
Okay, then.
Okay, then.
Memorise Conjure Flame, consuming 3 spell levels and leaving 2?
You start memorising the spell.
You continue memorising. x3
You finish memorising.
Spell assigned to 'd'.
Adjust (i)tems, (s)pells, or (a)bilities?
Adjust which spell? d - Conjure Flame Adjust to which letter? c - Conjure Flame; d - Call Canine Familiar Adjust (i)tems, (s)pells, or (a)bilities?
Adjust which spell? c - Conjure Flame Adjust to which letter? f - Conjure Flame Adjust (i)tems, (s)pells, or (a)bilities?
Adjust which spell? d - Call Canine Familiar Adjust to which letter? c - Call Canine Familiar Unknown command.
Found 14 gold pieces.
Unknown command.
You see here 14 gold pieces.
You now have 188 gold pieces (gained 14).
Found a potion of curing and 16 gold pieces.
A manticore comes into view.
Press: ? - help, v - describe, . - travel
Here: a manticore (resting)
The floor.
Placed new exclusion.
Wear which item? (? for menu, Esc to quit)
You start removing your armour.
You continue taking off your +0 leather armour. x4
You finish taking off your +0 leather armour.
You start putting on your armour.
You continue putting on your glowing robe. x5
You finish putting on your cursed +0 robe.
Oops, that feels deathly cold.
Adjust (i)tems, (s)pells, or (a)bilities?
Adjust which item? (? for menu, Esc to quit)
A - a cursed +0 robe (worn)
Adjust to which letter? (? for menu, Esc to quit)
B - a cursed +0 robe (worn);
A - a +0 leather armour
Found 18 gold pieces.
Found 10 gold pieces.
You see here 18 gold pieces.
You now have 206 gold pieces (gained 18).
You see here 10 gold pieces.
You now have 216 gold pieces (gained 10).
Found a scroll labeled GUTUORHO DUDU.
You see here a scroll labeled GUTUORHO DUDU.
x - 2 scrolls labeled GUTUORHO DUDU (gained 1) Evoke which item? (* to show all) (? for menu, Esc to quit)
Okay, then.
As you read the scroll of teleportation, it crumbles to dust.
You feel strangely unstable.
Unknown command.
Your surroundings suddenly seem different.
The eight-headed hydra bites you. The eight-headed hydra bites you!
* * * LOW HITPOINT WARNING * * *
The eight-headed hydra bites you!
* * * LOW HITPOINT WARNING * * *
The eight-headed hydra bites you.
* * * LOW HITPOINT WARNING * * *
The eight-headed hydra bites you!
You die...

#. #...... .# #... #.
.....#.#<### #...# #.
#..........# #...####.
#..........# #........
#...<......#####...####.
#.......................
.......D................
#......@................
##.........#####...####.
#...$.....# #........
#.........# #...#####
##....##.## ##...##
#..#. .#####.....####
#.... ...............
##.#. .####......####
#.#....####


You could see an eight-headed hydra.

Vanquished Creatures
  A death yak (D:8)
  2 black bears
  An ogre (D:7)
  2 phantoms
  A scorpion (D:8)
  2 howler monkeys (D:9)
  6 electric eels
  A hound (D:8)
  2 iguanas (D:4)
  An orc wizard (Orc:1)
  3 adders
  An adder skeleton (D:9)
  A worm (D:3)
  A giant cockroach (D:4)
  A hobgoblin (D:2)
  A kobold (D:8)
  A quokka (D:9)
  A jackal skeleton (D:4)
  A jackal zombie (D:5)
  A quokka skeleton (D:4)
  A rat (D:2)
32 creatures vanquished.

Vanquished Creatures (collateral kills)
  A troll (Orc:1)
  2 ice beasts
  An ogre (D:5)
  A centaur (D:5)
  A wyvern zombie (D:9)
  A hound zombie (D:5)
  An adder (D:5)
  An adder skeleton (D:5)
  A leopard gecko (D:5)
  An orc (D:9)
  A giant cockroach (D:5)
  A goblin (D:2)
  A bat (D:1)
  A jackal skeleton (D:4)
  2 kobolds (D:8)
  A rat (D:3)
18 creatures vanquished.

Grand Total: 50 creatures vanquished

Notes
Turn   | Place    | Note
-------+----------+-------------------------------------------
     0 | D:1      | tidbits the Gnoll Wanderer began the quest for the Orb.
     0 | D:1      | tidbits set off with: a book of Callings, a scroll of teleportation, a +0 robe, a +0 club, a ration
     0 | D:1      | Reached XP level 1. HP: 13/13 MP: 4/4
     2 | D:1      | Learned a level 1 spell: Summon Small Mammal
   189 | D:5      | Entered Level 5 of the Dungeon
   220 | D:5      | Noticed an iguana
   364 | D:2      | Reached XP level 2. HP: 19/19 MP: 5/5
   427 | D:4      | Reached skill level 1 in Invocations
   427 | D:4      | Reached XP level 3. HP: 16/25 MP: 5/7
   462 | D:4      | Found a sparkling altar of Nemelex Xobeh.
   521 | D:4      | Found a transporter.
   528 | D:4      | Reached skill level 1 in Fighting
   528 | D:4      | Reached skill level 1 in Short Blades
   528 | D:4      | Reached skill level 1 in Long Blades
   528 | D:4      | Reached skill level 1 in Axes
   528 | D:4      | Reached skill level 1 in Maces & Flails
   528 | D:4      | Reached skill level 1 in Polearms
   528 | D:4      | Reached skill level 1 in Staves
   528 | D:4      | Reached skill level 1 in Slings
   528 | D:4      | Reached skill level 1 in Bows
   528 | D:4      | Reached skill level 1 in Crossbows
   528 | D:4      | Reached skill level 1 in Throwing
   528 | D:4      | Reached skill level 1 in Armour
   528 | D:4      | Reached skill level 1 in Dodging
   528 | D:4      | Reached skill level 1 in Stealth
   528 | D:4      | Reached skill level 1 in Unarmed Combat
   528 | D:4      | Reached XP level 4. HP: 17/32 MP: 6/8
   550 | D:4      | Reached skill level 3 in Spellcasting
   550 | D:4      | Reached skill level 1 in Conjurations
   550 | D:4      | Reached skill level 1 in Hexes
   550 | D:4      | Reached skill level 1 in Necromancy
   550 | D:4      | Reached skill level 1 in Translocations
   550 | D:4      | Reached skill level 1 in Transmutations
   550 | D:4      | Reached skill level 1 in Fire Magic
   550 | D:4      | Reached skill level 1 in Ice Magic
   550 | D:4      | Reached skill level 1 in Air Magic
   550 | D:4      | Reached skill level 1 in Earth Magic
   550 | D:4      | Reached skill level 1 in Poison Magic
   563 | D:4      | Reached XP level 5. HP: 29/37 MP: 9/9
   569 | D:4      | Reached skill level 3 in Shields
   569 | D:4      | Reached skill level 3 in Evocations
   578 | D:4      | Found a transporter.
   649 | D:5      | Learned a level 2 spell: Call Imp
   653 | D:5      | Learned a level 3 spell: Call Canine Familiar
   658 | D:5      | Noticed an ice beast
   678 | D:5      | Killed an ice beast
   678 | D:5      | Reached XP level 6. HP: 8/44 MP: 2/10
   721 | D:5      | Noticed a black bear
   731 | D:5      | Killed a black bear
   731 | D:5      | Reached skill level 2 in Invocations
   752 | D:5      | Found a staircase to the Ecumenical Temple.
   793 | D:5      | Reached skill level 2 in Fighting
   793 | D:5      | Reached skill level 2 in Short Blades
   793 | D:5      | Reached skill level 2 in Long Blades
   793 | D:5      | Reached skill level 2 in Axes
   793 | D:5      | Reached skill level 2 in Maces & Flails
   793 | D:5      | Reached skill level 2 in Polearms
   793 | D:5      | Reached skill level 2 in Staves
   793 | D:5      | Reached skill level 2 in Slings
   793 | D:5      | Reached skill level 2 in Bows
   793 | D:5      | Reached skill level 2 in Crossbows
   793 | D:5      | Reached skill level 2 in Throwing
   793 | D:5      | Reached skill level 2 in Armour
   793 | D:5      | Reached skill level 2 in Dodging
   793 | D:5      | Reached skill level 2 in Stealth
   793 | D:5      | Reached skill level 2 in Unarmed Combat
   940 | D:6      | Noticed a phantom
   961 | Temple   | Entered the Ecumenical Temple
  1003 | Temple   | Became a worshipper of Cheibriados the Contemplative
  1047 | D:6      | Killed a phantom
  1047 | D:6      | Reached XP level 7. HP: 45/50 MP: 12/12
  1099 | D:6      | Noticed Frank's ghost (novice OpFi)
  1180 | D:8      | Reached skill level 2 in Conjurations
  1180 | D:8      | Reached skill level 2 in Hexes
  1180 | D:8      | Reached skill level 2 in Necromancy
  1180 | D:8      | Reached skill level 2 in Translocations
  1180 | D:8      | Reached skill level 2 in Transmutations
  1180 | D:8      | Reached skill level 2 in Fire Magic
  1180 | D:8      | Reached skill level 2 in Ice Magic
  1180 | D:8      | Reached skill level 2 in Air Magic
  1180 | D:8      | Reached skill level 2 in Earth Magic
  1180 | D:8      | Reached skill level 2 in Poison Magic
  1244 | D:8      | Found a deep blue altar of Sif Muna.
  1259 | D:8      | Found a hide-covered altar of Uskayaw.
  1274 | D:8      | Noticed a death yak
  1293 | D:8      | HP: 5/51 [death yak (11)]
  1297 | D:8      | Killed a death yak
  1297 | D:8      | Reached skill level 3 in Fighting
  1297 | D:8      | Reached skill level 3 in Short Blades
  1297 | D:8      | Reached skill level 3 in Long Blades
  1297 | D:8      | Reached skill level 3 in Axes
  1297 | D:8      | Reached skill level 3 in Maces & Flails
  1297 | D:8      | Reached skill level 3 in Polearms
  1297 | D:8      | Reached skill level 3 in Staves
  1297 | D:8      | Reached skill level 3 in Slings
  1297 | D:8      | Reached skill level 3 in Bows
  1297 | D:8      | Reached skill level 3 in Crossbows
  1297 | D:8      | Reached skill level 3 in Throwing
  1297 | D:8      | Reached skill level 3 in Armour
  1297 | D:8      | Reached skill level 3 in Dodging
  1297 | D:8      | Reached skill level 3 in Stealth
  1297 | D:8      | Reached skill level 4 in Shields
  1297 | D:8      | Reached skill level 3 in Unarmed Combat
  1297 | D:8      | Reached skill level 4 in Spellcasting
  1297 | D:8      | Reached skill level 6 in Charms
  1297 | D:8      | Reached skill level 3 in Invocations
  1297 | D:8      | Reached skill level 4 in Evocations
  1297 | D:8      | Reached XP level 8. HP: 15/58 MP: 4/14
  1367 | D:8      | Found a sacrificial altar of Ru.
  1424 | D:9      | Learned a level 4 spell: Summon Lightning Spire
  1462 | D:9      | Reached * piety under Cheibriados
  1489 | D:9      | Learned a level 2 spell: Blink
  1537 | D:9      | You fall through a shaft for 3 floors!
  1560 | D:12     | Reached skill level 3 in Conjurations
  1560 | D:12     | Reached skill level 3 in Hexes
  1560 | D:12     | Reached skill level 3 in Necromancy
  1560 | D:12     | Reached skill level 3 in Translocations
  1560 | D:12     | Reached skill level 3 in Transmutations
  1560 | D:12     | Reached skill level 3 in Fire Magic
  1560 | D:12     | Reached skill level 3 in Ice Magic
  1560 | D:12     | Reached skill level 3 in Air Magic
  1560 | D:12     | Reached skill level 3 in Earth Magic
  1560 | D:12     | Reached skill level 3 in Poison Magic
  1560 | D:12     | Reached skill level 4 in Invocations
  1563 | D:12     | Found a staircase to the Orcish Mines.
  1577 | Orc:1    | Entered Level 1 of the Orcish Mines
  1577 | Orc:1    | Noticed a troll
  1578 | Orc:1    | Reached XP level 9. HP: 36/65 MP: 9/16
  1587 | Orc:1    | Killed a troll
  1594 | D:12     | Learned a level 3 spell: Conjure Flame
  1610 | D:12     | Noticed a manticore
  1693 | D:12     | Mangled by an eight-headed hydra

Skill      XL: |  1  2  3  4  5  6  7  8 |
---------------+-------------------------+-----
Invocations    | 1 2 3 4 |  4.2
Fighting       | 1 2 3 |  3.8
Short Blades   | 1 2 3 |  3.8
Long Blades    | 1 2 3 |  3.8
Axes           | 1 2 3 |  3.8
Maces & Flails | 1 2 3 |  3.8
Polearms       | 1 2 3 |  3.8
Staves         | 1 2 3 |  3.8
Slings         | 1 2 3 |  3.8
Bows           | 1 2 3 |  3.8
Crossbows      | 1 2 3 |  3.8
Throwing       | 1 2 3 |  3.8
Armour         | 1 2 3 |  3.8
Dodging        | 1 2 3 |  3.8
Stealth        | 1 2 3 |  3.8
Unarmed Combat | 1 2 3 |  3.8
Spellcasting   | 3 4 |  4.8
Conjurations   | 1 2 3 |  3.1
Hexes          | 1 2 3 |  3.1
Necromancy     | 1 2 3 |  3.1
Translocations | 1 2 3 |  3.1
Transmutations | 1 2 3 |  3.1
Fire Magic     | 1 2 3 |  3.1
Ice Magic      | 1 2 3 |  3.1
Air Magic      | 1 2 3 |  3.1
Earth Magic    | 1 2 3 |  3.1
Poison Magic   | 1 2 3 |  3.1
Shields        | 3 4 |  4.6
Evocations     | 3 4 |  4.6
Charms         | 6 |  6.3
Summonings     | |  7.8

Action                   |  1- 3 |  4- 6 |  7- 9 || total
-------------------------+-------+-------+-------++-------
Melee: Club              |     3 |       |       ||     3
       Dagger            |     7 |     1 |     1 ||     9
       Bite              |     3 |       |     3 ||     6
       Quarterstaff      |       |       |    21 ||    21
 Fire: Hunting sling     |    22 |    29 |    38 ||    89
Throw: Javelin           |       |       |     1 ||     1
 Cast: Summon Small Mamm |    10 |     5 |     2 ||    17
       Call Imp          |       |     8 |     3 ||    11
       Call Canine Famil |       |     5 |     3 ||     8
       Blink             |       |       |     7 ||     7
       Summon Lightning  |       |       |     4 ||     4
Evoke: Wand              |       |     8 |    16 ||    24
  Use: Scroll            |     1 |     3 |     1 ||     5
       Potion            |     1 |     1 |     4 ||     6
 Stab: Sleeping          |     1 |     1 |     1 ||     3
  Eat: Ration            |       |       |     2 ||     2
Armor: Leather armour    |     6 |     7 |     4 ||    17
       Robe              |     1 |       |       ||     1
Dodge: Dodged            |    18 |    19 |    21 ||    58

Table legend:
 A = Turns spent in this place as a percentage of turns spent in the entire game.
 B = Non-inter-level travel turns spent in this place as a percentage of non-inter-level travel turns spent in the entire game.
 C = Inter-level travel turns spent in this place as a percentage of turns spent in this place.
 D = Turns resting spent in this place as a percentage of non-inter-level travel turns spent in this place.
 E = Turns spent auto-exploring this place as a percentage of non-inter-level travel turns spent in this place.
 F = Non-inter-level travel turns spent in this place divided by the number of levels of this place that you've seen.
                   A       B       C       D       E      F
               +-------+-------+-------+-------+-------+----------------------
         Total | 100.0 | 100.0 |   0.8 |   0.0 |   0.0 | 140.0
       Dungeon |  94.8 |  95.5 |   0.0 |   0.0 |   0.0 | 160.5
        Temple |   4.5 |   3.8 |  17.1 |   0.0 |   0.0 |  63.0
  Orcish Mines |   0.7 |   0.7 |   0.0 |   0.0 |   0.0 |  12.0
               +-------+-------+-------+-------+-------+----------------------

Table legend:
 A = Kills in this place as a percentage of kills in entire the game.
 B = Kills by you in this place as a percentage of kills by you in the entire game.
 C = Kills by friends in this place as a percentage of kills by friends in the entire game.
 D = Other kills in this place as a percentage of other kills in the entire game.
 E = Experience gained in this place as a percentage of experience gained in the entire game.
 F = Experience gained in this place divided by the number of levels of this place that you have seen.
                   A       B       C       D       E      F
               +-------+-------+-------+-------+-------+----------------------
         Total | 100.0 | 100.0 | 100.0 |   N/A | 100.0 | 213.5
       Dungeon |  96.0 |  96.9 |  94.4 |   N/A |  90.7 | 232.5
  Orcish Mines |   4.0 |   3.1 |   5.6 |   N/A |   9.3 | 237.0
               +-------+-------+-------+-------+-------+----------------------

Vault maps used:
D:1:      dpeg_arrival_rhombi
D:2:      kennysheep_six_static_rooms
D:3:      overflow_temple_1_default, old_standard_altar,
          yredelemnul_altar_generic
D:4:      gammafunk_steamed_eel, first_ration, nemelex_altar_shiori
D:5:      minmay_temple_entry_from_below_b, serial_bayou_ford_a
D:6:      overflow_temple_1_default
D:7:      trog_ov_bears_minmay
D:8:      fiery_altar_vehumet, nicolae_overflow_crystal_walls,
          kennysheep_mini_moat, nicolae_overflow_quartered_altars,
          lemuel_crystal_altar, dpeg_lair_monsters
D:9:      grunt_temple_overflow_opulence, disabler_island
D:12:     orc_0_dummy, hangedman_pestilent_swarm
Temple:   jpeg_temple_island
